[ AOE2 MATCH · #505199963 ]
UnrankedSicilians vs Khmer
Player's team · WIN
Rival team · LOSS
[ REPLAY ANALYSIS · EXTRACTED FROM THE RECORDED GAME ]
Feudal
—
Castle
—
Imperial
—
| APM avg | 29.9 |
| APM peak | 56 |
| eAPM avg | 19.0 |
| Villagers / military | 113 / 58 |
Focus
⚔️ 22.5% · 🌾 77.5%
Knight ×35 · Serjeant ×22 · Scout Cavalry ×1
Feudal
—
Castle
—
Imperial
—
| APM avg | 38.2 |
| APM peak | 104 |
| eAPM avg | 21.4 |
| Villagers / military | 118 / 47 |
Focus
⚔️ 22.1% · 🌾 77.9%
Spearman ×30 · Monk ×6 · Skirmisher ×5 · Scout Cavalry ×3 · Knight ×2 · Scorpion ×1
Match map
Initial resources + every placement click. Lines = walls · curves = elevation contours. ◆ gold · ⬟ stone · ● berries · ✦ relic · ◌ wall gap
Your base· ✓ Closed at 17:34 · 39t walls · 1 gate(s)
ManyKitten76428's base· Open — opponent sealed themselves in
Smoothed initial terrain · ◌ = detected wall gap · hover for details
Inputs per minute
— Aaronsito - - ManyKitten76428
Build order — Aaronsito
First 150 of 313 actions detected
| 0:02 | Queue | Villager (Male) |
| 0:02 | Queue | Villager (Male) |
| 0:03 | Build | House |
| 0:05 | Build | House |
| 0:42 | Queue | Villager (Male) |
| 0:42 | Queue | Villager (Male) |
| 0:43 | Queue | Villager (Male) |
| 1:41 | Queue | Villager (Male) |
| 1:42 | Queue | Villager (Male) |
| 2:08 | Queue | Villager (Male) |
| 2:08 | Queue | Villager (Male) |
| 2:14 | Build | Lumber Camp |
| 2:30 | Queue | Villager (Male) |
| 2:30 | Queue | Villager (Male) |
| 2:58 | Queue | Villager (Male) |
| 2:58 | Queue | Villager (Male) |
| 3:26 | Queue | Villager (Male) |
| 3:26 | Queue | Villager (Male) |
| 4:01 | Queue | Villager (Male) |
| 4:01 | Queue | Villager (Male) |
| 4:05 | Build | House |
| 4:07 | Build | House |
| 4:16 | Queue | Villager (Male) |
| 4:34 | Queue | Villager (Male) |
| 4:34 | Queue | Villager (Male) |
| 5:30 | Build | Mill |
| 5:37 | Queue | Villager (Male) |
| 5:37 | Queue | Villager (Male) |
| 5:37 | Queue | Villager (Male) |
| 5:42 | Queue | Villager (Male) |
| 5:42 | Queue | Villager (Male) |
| 6:13 | Queue | Villager (Male) |
| 6:13 | Queue | Villager (Male) |
| 6:14 | Queue | Villager (Male) |
| 7:34 | Research | Loom |
| 7:42 | Research | Feudal Age |
| 7:42 | Research | Feudal Age |
| 7:45 | Research | Loom |
| 7:50 | Build | Mill |
| 8:58 | Build | Palisade Wall |
| 8:59 | Build | House |
| 9:12 | Build | Barracks |
| 9:24 | Build | Palisade Wall |
| 9:42 | Build | Palisade Wall |
| 9:59 | Build | Palisade Wall |
| 10:08 | Queue | Villager (Male) |
| 10:20 | Build | Stable |
| 10:22 | Build | Palisade Wall |
| 10:36 | Build | Mining Camp |
| 10:38 | Queue | Villager (Male) |
| 10:52 | Queue | Villager (Male) |
| 11:05 | Build | Palisade Gate |
| 11:15 | Build | Palisade Wall |
| 11:21 | Queue | Villager (Male) |
| 11:37 | Build | Blacksmith |
| 11:42 | Build | Palisade Wall |
| 11:45 | Queue | Villager (Male) |
| 11:47 | Queue | Scout Cavalry |
| 12:02 | Queue | Villager (Male) |
| 12:12 | Build | Farm |
| 12:13 | Build | Farm |
| 12:13 | Build | Farm |
| 12:13 | Build | Farm |
| 12:13 | Build | Farm |
| 12:23 | Research | Double-Bit Axe |
| 12:45 | Queue | Villager (Male) |
| 12:47 | Research | Horse Collar |
| 12:48 | Research | Horse Collar |
| 13:04 | Queue | Villager (Male) |
| 13:14 | Build | Farm |
| 13:15 | Build | Farm |
| 13:15 | Build | Farm |
| 13:15 | Build | Farm |
| 13:15 | Build | Farm |
| 13:20 | Queue | Villager (Male) |
| 13:33 | Build | House |
| 13:41 | Build | Farm |
| 13:41 | Build | Farm |
| 13:41 | Build | Farm |
| 13:41 | Build | Farm |
| 13:42 | Build | Farm |
| 13:42 | Build | Farm |
| 13:45 | Queue | Villager (Male) |
| 14:06 | Queue | Villager (Male) |
| 14:12 | Build | Farm |
| 14:12 | Build | Farm |
| 14:12 | Build | Farm |
| 14:13 | Build | Farm |
| 14:13 | Build | Farm |
| 14:47 | Queue | Villager (Male) |
| 14:55 | Build | Farm |
| 14:56 | Build | Farm |
| 14:58 | Build | Farm |
| 15:00 | Build | Farm |
| 15:14 | Build | Farm |
| 15:15 | Build | Mill |
| 15:20 | Queue | Villager (Male) |
| 15:33 | Queue | Villager (Male) |
| 15:36 | Build | Farm |
| 15:36 | Build | Farm |
| 15:37 | Build | Farm |
| 15:37 | Build | Farm |
| 15:50 | Build | House |
| 15:55 | Build | Palisade Wall |
| 16:02 | Queue | Villager (Male) |
| 16:06 | Build | Farm |
| 16:06 | Build | Farm |
| 16:06 | Build | Farm |
| 16:09 | Queue | Villager (Male) |
| 16:35 | Research | Wheelbarrow |
| 17:34 | Research | Castle Age |
| 17:39 | Build | House |
| 18:09 | Build | House |
| 18:46 | Build | Farm |
| 18:47 | Build | Farm |
| 18:48 | Build | Mill |
| 18:48 | Build | Farm |
| 18:49 | Build | Farm |
| 18:49 | Build | Farm |
| 18:49 | Build | Farm |
| 19:00 | Research | Bloodlines |
| 19:01 | Research | Gold Mining |
| 20:13 | Build | Stable |
| 20:16 | Build | Palisade Wall |
| 20:31 | Queue | Villager (Male) |
| 20:34 | Build | House |
| 20:43 | Queue | Knight |
| 20:44 | Queue | Knight |
| 20:48 | Research | Scale Barding Armor |
| 20:49 | Research | Forging |
| 20:50 | Queue | Villager (Male) |
| 21:14 | Queue | Villager (Male) |
| 21:32 | Queue | Knight |
| 21:32 | Queue | Knight |
| 21:33 | Queue | Knight |
| 21:33 | Queue | Villager (Male) |
| 21:38 | Research | Husbandry |
| 21:44 | Queue | Villager (Male) |
| 21:53 | Research | Bow Saw |
| 21:58 | Research | Heavy Plow |
| 22:02 | Queue | Villager (Male) |
| 22:12 | Queue | Knight |
| 22:12 | Queue | Knight |
| 22:20 | Queue | Villager (Male) |
| 22:34 | Queue | Knight |
| 22:34 | Queue | Knight |
| 22:38 | Queue | Villager (Male) |
| 22:54 | Research | Gold Shaft Mining |
| 22:57 | Queue | Knight |
| 23:09 | Build | House |
Build order — ManyKitten76428
First 150 of 289 actions detected
| 0:01 | Queue | Villager (Male) |
| 0:02 | Queue | Villager (Male) |
| 0:02 | Queue | Villager (Male) |
| 0:02 | Queue | Villager (Male) |
| 0:02 | Queue | Villager (Male) |
| 0:02 | Queue | Villager (Male) |
| 0:02 | Queue | Villager (Male) |
| 0:02 | Queue | Villager (Male) |
| 0:02 | Queue | Villager (Male) |
| 0:02 | Queue | Villager (Male) |
| 0:04 | Build | House |
| 0:06 | Build | House |
| 1:20 | Build | House |
| 1:29 | Queue | Villager (Male) |
| 1:29 | Queue | Villager (Male) |
| 1:57 | Queue | Villager (Male) |
| 1:58 | Queue | Villager (Male) |
| 2:14 | Queue | Villager (Male) |
| 2:14 | Queue | Villager (Male) |
| 2:22 | Build | Lumber Camp |
| 2:27 | Queue | Villager (Male) |
| 2:27 | Queue | Villager (Male) |
| 3:01 | Queue | Villager (Male) |
| 3:01 | Queue | Villager (Male) |
| 3:07 | Build | House |
| 3:28 | Queue | Villager (Male) |
| 3:28 | Queue | Villager (Male) |
| 3:33 | Queue | Villager (Male) |
| 3:34 | Queue | Villager (Male) |
| 4:11 | Queue | Villager (Male) |
| 4:12 | Queue | Villager (Male) |
| 4:12 | Queue | Villager (Male) |
| 4:36 | Build | Mill |
| 5:13 | Queue | Villager (Male) |
| 5:14 | Queue | Villager (Male) |
| 5:59 | Build | House |
| 6:06 | Queue | Villager (Male) |
| 6:30 | Research | Loom |
| 6:52 | Build | House |
| 7:00 | Research | Feudal Age |
| 8:00 | Build | Palisade Wall |
| 8:13 | Build | Palisade Wall |
| 8:23 | Queue | Villager (Male) |
| 8:23 | Queue | Villager (Male) |
| 8:55 | Build | Palisade Wall |
| 9:19 | Build | Mill |
| 9:25 | Build | Stable |
| 9:43 | Research | Double-Bit Axe |
| 10:02 | Build | House |
| 10:05 | Build | Palisade Wall |
| 10:13 | Build | Blacksmith |
| 10:18 | Queue | Villager (Male) |
| 10:20 | Queue | Scout Cavalry |
| 10:20 | Queue | Scout Cavalry |
| 10:31 | Research | Horse Collar |
| 10:40 | Queue | Villager (Male) |
| 10:50 | Build | Farm |
| 10:55 | Build | Farm |
| 11:05 | Build | Farm |
| 11:07 | Queue | Villager (Male) |
| 11:14 | Build | Palisade Wall |
| 11:38 | Build | Farm |
| 11:43 | Build | Farm |
| 11:50 | Research | Scale Barding Armor |
| 12:06 | Build | Farm |
| 12:11 | Build | House |
| 12:18 | Build | Farm |
| 12:20 | Build | Farm |
| 12:24 | Build | Farm |
| 12:29 | Queue | Villager (Male) |
| 12:29 | Queue | Villager (Male) |
| 12:29 | Queue | Villager (Male) |
| 12:58 | Queue | Scout Cavalry |
| 13:07 | Build | Farm |
| 13:11 | Build | Farm |
| 13:17 | Build | Farm |
| 13:21 | Build | Farm |
| 13:25 | Queue | Villager (Male) |
| 13:26 | Queue | Villager (Male) |
| 13:33 | Build | House |
| 14:00 | Research | Forging |
| 14:05 | Build | Farm |
| 14:11 | Build | Mining Camp |
| 14:14 | Queue | Villager (Male) |
| 14:37 | Queue | Villager (Male) |
| 14:59 | Queue | Villager (Male) |
| 15:10 | Build | Archery Range |
| 15:26 | Build | House |
| 15:28 | Build | House |
| 15:34 | Build | House |
| 15:39 | Queue | Villager (Male) |
| 15:40 | Queue | Villager (Male) |
| 15:40 | Queue | Villager (Male) |
| 15:55 | Queue | Villager (Male) |
| 16:18 | Build | Farm |
| 16:32 | Queue | Villager (Male) |
| 16:37 | Build | Farm |
| 16:42 | Queue | Skirmisher |
| 16:43 | Queue | Skirmisher |
| 16:43 | Queue | Skirmisher |
| 16:43 | Queue | Skirmisher |
| 16:43 | Queue | Skirmisher |
| 17:01 | Build | Farm |
| 17:09 | Queue | Villager (Male) |
| 17:14 | Build | Farm |
| 17:44 | Research | Castle Age |
| 17:45 | Research | Castle Age |
| 18:26 | Research | Gold Mining |
| 18:55 | Queue | Villager (Male) |
| 18:55 | Queue | Villager (Male) |
| 19:04 | Build | House |
| 19:12 | Build | Palisade Wall |
| 19:22 | Research | Bloodlines |
| 19:52 | Queue | Villager (Male) |
| 20:28 | Build | Siege Workshop |
| 20:38 | Build | Town Center |
| 20:49 | Research | Light Cavalry (upgrade) |
| 20:51 | Research | Chain Barding Armor |
| 20:55 | Research | Iron Casting |
| 21:00 | Queue | Villager (Male) |
| 21:36 | Build | Town Center |
| 21:41 | Build | Palisade Wall |
| 21:42 | Build | Palisade Wall |
| 21:57 | Queue | Villager (Male) |
| 22:04 | Queue | Knight |
| 22:04 | Queue | Knight |
| 22:08 | Queue | Scorpion |
| 22:12 | Queue | Villager (Male) |
| 22:12 | Queue | Villager (Male) |
| 22:12 | Queue | Villager (Male) |
| 22:12 | Queue | Villager (Male) |
| 22:18 | Build | House |
| 22:39 | Queue | Villager (Male) |
| 22:54 | Build | House |
| 23:01 | Build | House |
| 23:07 | Build | Palisade Wall |
| 23:07 | Build | Palisade Wall |
| 23:12 | Build | Farm |
| 23:16 | Queue | Villager (Male) |
| 23:18 | Queue | Villager (Male) |
| 23:18 | Queue | Villager (Male) |
| 23:18 | Queue | Villager (Male) |
| 23:18 | Queue | Villager (Male) |
| 23:20 | Queue | Villager (Male) |
| 23:20 | Queue | Villager (Male) |
| 23:20 | Queue | Villager (Male) |
| 23:21 | Queue | Villager (Male) |
| 23:21 | Queue | Villager (Male) |
| 23:21 | Queue | Villager (Male) |
| 23:21 | Queue | Villager (Male) |
Match timeline
| 8:00 | ManyKitten76428 · wall_segment Palisade Wall x12 |
| 8:13 | ManyKitten76428 · wall_segment Palisade Wall x4 |
| 8:55 | ManyKitten76428 · wall_segment Palisade Wall x9 |
| 8:58 | Aaronsito · wall_segment Palisade Wall x5 |
| 9:12 | Aaronsito · first_building Barracks |
| 9:24 | Aaronsito · wall_segment Palisade Wall x2 |
| 9:25 | ManyKitten76428 · first_building Stable |
| 9:42 | Aaronsito · wall_segment Palisade Wall x6 |
| 9:59 | Aaronsito · wall_segment Palisade Wall x6 |
| 10:05 | ManyKitten76428 · wall_segment Palisade Wall x4 |
| 10:20 | Aaronsito · first_building Stable |
| 10:22 | Aaronsito · wall_segment Palisade Wall x6 |
| 11:14 | ManyKitten76428 · wall_segment Palisade Wall x1 |
| 11:15 | Aaronsito · wall_segment Palisade Wall x10 |
| 11:42 | Aaronsito · wall_segment Palisade Wall x4 |
| 15:10 | ManyKitten76428 · first_building Archery Range |
| 15:55 | Aaronsito · wall_segment Palisade Wall x1 |
| 19:12 | ManyKitten76428 · wall_segment Palisade Wall x1 |
| 20:16 | Aaronsito · wall_segment Palisade Wall x1 |
| 20:28 | ManyKitten76428 · first_building Siege Workshop |
| 21:41 | ManyKitten76428 · wall_segment Palisade Wall x1 |
| 21:42 | ManyKitten76428 · wall_segment Palisade Wall x1 |
| 23:07 | ManyKitten76428 · wall_segment Palisade Wall x1 |
| 23:07 | ManyKitten76428 · wall_segment Palisade Wall x1 |
| 25:12 | ManyKitten76428 · first_building Barracks |
| 25:32 | ManyKitten76428 · first_building Monastery |
| 27:17 | ManyKitten76428 · wall_segment Palisade Wall x1 |
| 27:50 | ManyKitten76428 · wall_segment Stone Wall x1 |
| 32:22 | Aaronsito · first_market_buy 100 food |
| 32:30 | Aaronsito · first_building Monastery |
| 32:46 | ManyKitten76428 · wall_segment Stone Wall x1 |
| 33:11 | ManyKitten76428 · wall_segment Stone Wall x1 |
| 33:27 | Aaronsito · first_building Castle |
| 33:54 | ManyKitten76428 · first_building Castle |
| 36:49 | Aaronsito · first_building Donjon |
| 37:44 | ManyKitten76428 · wall_segment Stone Wall x1 |
| 37:48 | ManyKitten76428 · wall_segment Stone Wall x1 |
| 38:28 | ManyKitten76428 · wall_segment Stone Wall x1 |
| 38:59 | ManyKitten76428 · resign |
[ AI ANALYSIS · 1 CREDIT ]
What really happened in this match?
Wolo.gg analyzes every decision: build order, eco, micro, common mistakes by bracket. Personalized analysis on WhatsApp or Discord in 30 seconds.
Civ guide
Sicilians
Perfil
Jugador #696415